 Dungeon Crawl Stone Soup version 0.23.2-11-gf996548c65 (webtiles) character file.

Game seed: 5481394946928832375

7158 BorisKarlOrff the Spear-Bearer (level 10, -9/90 HPs)
             Began as a Minotaur Chaos Knight on June 5, 2019.
             Was a Plaything of Xom.
             Mangled by an orc warrior
             ... wielding a +0 scimitar
              (19 damage)
             ... on level 9 of the Dungeon.
             The game lasted 00:24:13 (6517 turns).

BorisKarlOrff the Spear-Bearer (MiCK)               Turns: 6517, Time: 00:24:14

Health: -9/90      AC: 10    Str: 20    XL:     10   Next: 86%
Magic:  0/10       EV:  9    Int:  9    God:    Xom [.....*]
Gold:   362        SH: 13    Dex: 16    Spells: 9/9 levels left

rFire    . . .     SeeInvis .   a - +0 spear (freeze)
rCold    . . .     Gourm    .   n - +2 shield
rNeg     + . .     Faith    .   b - +1 chain mail {rPois}
rPois    +         Spirit   +   (helmet restricted)
rElec    +         Reflect  .   (no cloak)
rCorr    .         Harm     .   (no gloves)
MR       +....                  (no boots)
Stlth    ..........             p - amulet of guardian spirit
HPRegen  0.25/turn              k - ring of stealth
MPRegen  0.12/turn              g - ring of positive energy

@: lethally poisoned (-9 -> -10), contaminated, glowing, lightly drained
A: retaliatory headbutt, horns 2, icy blue scales 1, agile 2, blink, blurry
vision 1, deformed body, magic resistance 1, sense surroundings 1, electricity
resistance, strong 1, wild magic 1
a: Blink, Renounce Religion


You were on level 9 of the Dungeon.
You worshipped Xom.
You were Xom's teddy bear.
You were completely stuffed.

You visited 1 branch of the dungeon, and saw 9 of its levels.

You collected 362 gold pieces.

Inventory:

Hand Weapons
 a - a +0 spear of freezing (weapon)
Armour
 b - a +1 chain mail of poison resistance (worn)
 n - a +2 shield (worn)
Jewellery
 g - a ring of positive energy (right hand)
 k - a ring of stealth (left hand)
 p - an amulet of guardian spirit (around neck)
Wands
 v - a wand of polymorph (8)
Scrolls
 e - 7 scrolls of remove curse
 j - a scroll of identify
 o - a scroll of fear
 q - 3 scrolls of teleportation
 r - a scroll of amnesia
Potions
 d - a potion of might
 f - 4 potions of agility
 h - 2 potions of haste
 i - a potion of resistance
 l - 2 potions of curing
 m - 3 potions of cancellation
 s - 2 potions of flight
 t - a potion of ambrosia
 u - 2 potions of lignification
 w - a potion of mutation
Comestibles
 c - 9 rations


   Skills:
 + Level 8.8(8.5) Fighting
 + Level 11.4(11.1) Polearms
 + Level 10.0(9.7) Armour
 + Level 5.0(4.7) Dodging
 + Level 3.7(3.4) Stealth
 + Level 7.7(7.4) Shields
 + Level 1.4(1.2) Evocations


You had 9 spell levels left.
You didn't know any spells.
Your spell library contained the following spells:

 Spells                   Type           Power        Failure   Level  Hunger
 Call Imp                 Summ           #.......     100%        2    ###....
 Aura of Abjuration       Summ           #.........   100%        5    ######.
 Summon Mana Viper        Hex/Summ       #.......     100%        5    ######.


Dungeon Overview and Level Annotations

Branches:
Dungeon (9/15)             Temple (0/1) D:4
   Lair: D:8-11         Orc: D:9-12

Altars:
Cheibriados
Dithmenos
Fedhas
Gozag
Kikubaaqudgha
Nemelex Xobeh
Qazlal
Sif Muna
Trog

Annotations:
D:3 1 runed translucent door, Kobolds4U's ghost, amateur MiFi
D:7 2 runed translucent doors, Crazy Yiuf; NeAGen181's ghost, novice HOFi


Innate Abilities, Weirdness & Mutations

You reflexively headbutt those who attack you in melee.
You have a pair of horns on your head.
You are partially covered in icy blue scales. (AC +2)
You are very agile. (Dex +4)
You can translocate small distances at will.
Scrolls take you a little longer to read.
Armour fits poorly on your strangely shaped body.
You are resistant to hostile enchantments. (MR+)
You passively map a small area around you.
You are resistant to electric shocks. (rElec)
Your muscles are strong. (Str +2)
Your spells are a little harder to cast, but a little more powerful.


Message History

The two-headed ogre is severely wounded.
You block the orc warrior's attack.
The crimson imp blinks!
The two-headed ogre completely misses you.
The two-headed ogre hits you with a +0 giant club!!
You hit the orc warrior. You freeze the orc warrior.
The orc warrior is heavily wounded.
Your shield and chain mail prevent you from hitting the two-headed ogre.
The two-headed ogre is severely wounded.
The orc warrior closely misses you.
You hit the orc warrior but do no damage.
The orc warrior is heavily wounded.
The two-headed ogre hits you with a +0 giant spiked club!!
* * * LOW HITPOINT WARNING * * *
You block the two-headed ogre's attack.
You hit the orc warrior. You freeze the orc warrior.
You headbutt the orc warrior, but do no damage.
The orc warrior is severely wounded.
The orc warrior hits you with a +0 scimitar!!
You die...
Xom guffaws!

...###.##.# #.# ....#####.#
#.# * * .....# #.# #.# ....##
#.# #.# ...######.# #.######o
..........# #......o.
.########## #<...o... ##
##########.....c..,
############oo.o@O.##........
..........5os#####...........
..###......oc#(?$#..#........
............o#$>$#..#........
..######.....#%$$#...########
..# #......#####....# ..#*
*#...............# ...
................# ..##
##........<... * *


You could see a two-headed ogre, an orc warrior, a centaur, a scorpion, an orc
priest, a crimson imp and 4 orcs.

Vanquished Creatures
  A two-headed ogre (D:8)
  The ghost of Brecoman the Magician, a novice GnSk of Wu Jian (D:8)
  A glowing orange brain (D:8)
  Pikel (D:8)
  3 ugly things (D:8)
  A hippogriff (D:8)
  A spriggan (D:8)
  A spriggan (shapeshifter) (D:8)
  A basilisk (shapeshifter) (D:8)
  2 neqoxecs (D:8)
  A steam dragon (D:7)
  A water moccasin (D:5)
  A floating eye (D:7)
  3 phantoms
  4 sky beasts
  A tengu (shapeshifter) (D:8)
  6 ogres
  2 centaurs (D:8)
  A big kobold (D:8)
  3 bullfrogs
  2 scorpions
  3 wights (D:8)
  2 crimson imps
  A bullfrog zombie (D:6)
  A hound (D:6)
  5 orc wizards
  A bullfrog skeleton (D:8)
  3 orc priests
  4 iguanas
  4 worker ants
  Natasha (twice) (D:2)
  A hound zombie (D:5)
  2 hound skeletons
  A worker ant zombie (D:3)
  10 adders
  2 gnolls (D:2)
  2 shadow imps
  An ooze (D:3)
  An adder skeleton (D:6)
  3 worms
  3 leopard geckos
  21 orcs
  2 ball pythons
  9 giant cockroaches
  8 hobgoblins
  7 jackals
  6 quokkas
  11 bats
  4 frilled lizards
  8 goblins
  A jackal skeleton (D:2)
  9 kobolds
  A leopard gecko skeleton (D:3)
  A leopard gecko zombie (D:8)
  15 rats
193 creatures vanquished.

Vanquished Creatures (collateral kills)
  A slave (D:8)
  A black bear (D:6)
  A bullfrog (D:8)
  A howler monkey skeleton (D:6)
4 creatures vanquished.

Vanquished Creatures (others)
  A wizard (D:7)
  An orc wizard (D:6)
  A gnoll (D:2)
  An orc (D:6)
  2 withered plants (D:3)
6 creatures vanquished.

Grand Total: 203 creatures vanquished

Notes
Turn   | Place    | Note
-------+----------+-------------------------------------------
     0 | D:1      | BorisKarlOrff the Minotaur Chaos Knight began the quest for
                  | the Orb.
     0 | D:1      | Reached XP level 1. HP: 19/19 MP: 0/0
   137 | D:1      | Reached skill level 4 in Polearms
   141 | D:1      | Reached XP level 2. HP: 27/27 MP: 1/1
   459 | D:1      | Reached XP level 3. HP: 33/33 MP: 2/2
   850 | D:1      | XOM: divination: detect creatures
   963 | D:2      | XOM: mild Air miscast
   963 | D:2      | Reached XP level 4. HP: 17/41 MP: 3/3
  1051 | D:2      | XOM: noise
  1222 | D:2      | XOM: medium Hex miscast
  1233 | D:2      | Noticed Natasha
  1241 | D:2      | Killed Natasha
  1255 | D:2      | Found a stormy altar of Qazlal.
  1422 | D:2      | Noticed Natasha
  1427 | D:2      | Killed Natasha
  1427 | D:2      | Reached skill level 5 in Polearms
  1474 | D:3      | Found a snail-covered altar of Cheibriados.
  1482 | D:3      | Reached XP level 5. HP: 47/47 MP: 4/4
  1491 | D:3      | XOM: harmless Chrm miscast
  1687 | D:3      | Found a runed translucent door.
  1687 | D:3      | Noticed Kobolds4U's ghost (amateur MiFi)
  1706 | D:3      | Found a bloodstained altar of Trog.
  1821 | D:3      | Found a faded altar of an unknown god.
  1966 | D:3      | Reached XP level 6. HP: 55/55 MP: 5/5
  2276 | D:4      | XOM: cleaving
  2283 | D:4      | Reached skill level 6 in Polearms
  2327 | D:4      | Identified Xom's Papyrus of Egomania (Xom gifted it to you
                  | on level 4 of the Dungeon)
  2327 | D:4      | XOM: god gift: Xom's Papyrus of Egomania
  2446 | D:4      | Reached skill level 5 in Fighting
  2517 | D:4      | Found an opulent altar of Gozag.
  2522 | D:4      | Reached skill level 5 in Armour
  2555 | D:4      | Reached XP level 7. HP: 61/61 MP: 6/6
  2767 | D:4      | Found a staircase to the Ecumenical Temple.
  2897 | D:4      | XOM: give mutations
  2897 | D:4      | Gained mutation: You are partially covered in icy blue
                  | scales. (AC +2) [Xom's grace]
  2897 | D:4      | Gained mutation: Your spells are a little harder to cast,
                  | but a little more powerful. [Xom's grace]
  2897 | D:4      | Gained mutation: Your muscles are strong. (Str +2) [Xom's
                  | grace]
  2897 | D:4      | Gained mutation: Your spells are harder to cast, but more
                  | powerful. [Xom's grace]
  2901 | D:5      | Entered Level 5 of the Dungeon
  2945 | D:5      | Reached skill level 7 in Polearms
  2958 | D:5      | XOM: 2-stop teleportation journey
  3050 | D:5      | XOM: cast spell 'Discord'
  3084 | D:5      | XOM: enchant monster (good)
  3093 | D:5      | Reached skill level 1 in Stealth
  3103 | D:5      | XOM: summons friendly crimson imp
  3227 | D:5      | XOM: polymorph crimson imp -> white imp
  3241 | D:5      | Reached skill level 1 in Shields
  3241 | D:5      | Reached XP level 8. HP: 60/69 MP: 7/7
  3431 | D:5      | Reached skill level 8 in Polearms
  3656 | D:5      | Found an ancient bone altar of Kikubaaqudgha.
  3772 | D:6      | XOM: confuse monster(s)
  3818 | D:6      | XOM: cast spell 'Summon Mana Viper'
  3956 | D:6      | Found an opulent altar of Gozag.
  3978 | D:6      | Reached skill level 9 in Polearms
  3991 | D:6      | XOM: divination: magic mapping
  3992 | D:6      | XOM: 7-stop teleportation journey
  4145 | D:6      | Found a shadowy altar of Dithmenos.
  4204 | D:6      | Found a deep blue altar of Sif Muna.
  4259 | D:6      | XOM: give mutation
  4259 | D:6      | Gained mutation: You are resistant to hostile enchantments.
                  | (MR+) [Xom's grace]
  4362 | D:6      | XOM: fake destruction
  4363 | D:6      | XOM: destruction
  4463 | D:6      | XOM: divination: magic mapping
  4596 | D:6      | Found a sparkling altar of Nemelex Xobeh.
  4620 | D:6      | XOM: harmless Erth miscast
  4644 | D:6      | XOM: give mutations
  4644 | D:6      | Gained mutation: Your natural rate of healing is unusually
                  | fast. [Xom's grace]
  4644 | D:6      | Gained mutation: You expend magic power (3 MP) to
                  | strengthen your wands. [Xom's grace]
  4644 | D:6      | Gained mutation: You are covered in fur. (AC +1) [Xom's
                  | grace]
  4689 | D:7      | Noticed a hippogriff
  4691 | D:7      | XOM: enchant monster (good)
  4704 | D:7      | Reached XP level 9. HP: 78/78 MP: 8/8
  4712 | D:7      | XOM: noise
  4719 | D:7      | XOM: 1-stop teleportation journey
  4808 | D:7      | Found a runed translucent door.
  4946 | D:7      | Noticed NeAGen181's ghost (novice HOFi)
  5107 | D:7      | Found a bloodstained altar of Trog.
  5208 | D:7      | Found a runed translucent door.
  5209 | D:7      | Noticed Crazy Yiuf
  5238 | D:7      | XOM: polymorph giant cockroach -> adder
  5338 | D:7      | Noticed a wizard
  5341 | D:7      | Killed a wizard
  5380 | D:8      | Noticed a two-headed ogre
  5381 | D:8      | XOM: enchant monster (bad)
  5394 | D:8      | Reached skill level 10 in Polearms
  5405 | D:8      | Killed a two-headed ogre
  5405 | D:8      | Reached skill level 5 in Shields
  5405 | D:8      | Reached skill level 1 in Evocations
  5513 | D:8      | Found a blossoming altar of Fedhas.
  5566 | D:8      | XOM: 6-stop teleportation journey
  5599 | D:8      | Found a runed translucent gate.
  5599 | D:8      | Found a runed translucent gate.
  5599 | D:8      | Found a runed translucent gate.
  5602 | D:8      | XOM: 2-stop teleportation journey
  5629 | D:8      | XOM: god gift: shiny chain mail {god gift}
  5689 | D:8      | XOM: destruction
  5727 | D:8      | XOM: summons friendly rust devil
  5729 | D:8      | XOM: give mutations
  5729 | D:8      | Gained mutation: You have sharp fingernails. [Xom's grace]
  5729 | D:8      | Gained mutation: You are resistant to electric shocks.
                  | (rElec) [Xom's grace]
  5729 | D:8      | Gained mutation: You are agile. (Dex +2) [Xom's grace]
  5760 | D:8      | Noticed Pikel
  5785 | D:8      | XOM: summons 2 friendly demons
  5786 | D:8      | XOM: summons friendly white imp
  5788 | D:8      | XOM: cast spell 'Shadow Creatures'
  5791 | D:8      | Killed Pikel
  5791 | D:8      | Reached XP level 10. HP: 80/88 MP: 7/10
  6015 | D:8      | XOM: scenery: 1 doors open
  6123 | D:8      | Noticed a cyan ugly thing
  6123 | D:8      | Noticed a purple ugly thing
  6124 | D:8      | Noticed a cyan ugly thing
  6124 | D:8      | Noticed a glowing orange brain
  6129 | D:8      | XOM: polymorph purple ugly thing -> cyan ugly thing
  6143 | D:8      | XOM: fog
  6147 | D:8      | Killed a cyan ugly thing
  6154 | D:8      | Killed a green ugly thing
  6167 | D:8      | Killed a green ugly thing
  6167 | D:8      | Reached skill level 11 in Polearms
  6171 | D:8      | Killed a glowing orange brain
  6184 | D:8      | Found a runed translucent gate.
  6184 | D:8      | Found a runed translucent gate.
  6184 | D:8      | Noticed an orb spider
  6185 | D:8      | Noticed Brecoman's ghost (novice GnSk)
  6186 | D:8      | Found a runed translucent gate.
  6187 | D:8      | an orb spider changed into something unseen
  6194 | D:8      | Noticed a black mamba
  6202 | D:8      | a black mamba changed into a spriggan
  6205 | D:8      | XOM: summons friendly ufetubus
  6207 | D:8      | XOM: scenery: 3 doors close
  6217 | D:8      | XOM: confuse monster(s)
  6271 | D:8      | Killed Brecoman's ghost
  6271 | D:8      | Reached skill level 10 in Armour
  6271 | D:8      | Reached skill level 5 in Dodging
  6279 | D:8      | XOM: polymorph golden eye -> shapeshifter
  6282 | D:8      | XOM: scenery: 3 doors close
  6284 | D:8      | XOM: enchant monster (good)
  6328 | D:8      | Gained mutation: Scrolls take you a little longer to read.
                  | [mutagenic glow]
  6331 | D:8      | XOM: summons 3 hostile shadow creatures
  6332 | D:8      | Noticed a two-headed ogre
  6385 | D:8      | Gained mutation: Your body sometimes deteriorates upon
                  | taking damage. [mutagenic glow]
  6421 | D:8      | Lost mutation: Your spells are harder to cast, but more
                  | powerful. [mutagenic glow]
  6426 | D:8      | Lost mutation: Your natural rate of healing is unusually
                  | fast. [potion of mutation]
  6426 | D:8      | Lost mutation: You expend magic power (3 MP) to strengthen
                  | your wands. [potion of mutation]
  6426 | D:8      | Gained mutation: You can translocate small distances at
                  | will. [potion of mutation]
  6427 | D:8      | Lost mutation: Scrolls take you a little longer to read.
                  | [potion of mutation]
  6427 | D:8      | Lost mutation: You are covered in fur. (AC +1) [potion of
                  | mutation]
  6427 | D:8      | Lost mutation: You have sharp fingernails. [potion of
                  | mutation]
  6427 | D:8      | Lost mutation: Your body sometimes deteriorates upon taking
                  | damage. [potion of mutation]
  6427 | D:8      | Gained mutation: You passively map a small area around you.
                  | [potion of mutation]
  6427 | D:8      | Gained mutation: You are very agile. (Dex +4) [potion of
                  | mutation]
  6443 | D:8      | Gained mutation: Armour fits poorly on your strangely
                  | shaped body. [mutagenic glow]
  6492 | D:9      | Gained mutation: Scrolls take you a little longer to read.
                  | [mutagenic glow]
  6498 | D:9      | Noticed a two-headed ogre
  6510 | D:9      | XOM: polymorph orc warrior -> scorpion
  6517 | D:9      | Mangled by an orc warrior

Skill      XL: |  1  2  3  4  5  6  7  8  9 10 |
---------------+-------------------------------+-----
Polearms       | 4 5 6 7 9 10 11 | 11.4
Fighting       | 4 5 6 7 8 |  8.8
Armour         | 3 5 6 7 8 10 | 10.0
Dodging        | 2 3 4 5 |  5.0
Stealth        | 1 2 3 |  3.7
Shields        | 1 3 6 7 |  7.7
Evocations     | 1 |  1.4

Action                   |  1- 3 |  4- 6 |  7- 9 | 10-12 || total
-------------------------+-------+-------+-------+-------++-------
Melee: Spear             |    70 |   167 |   445 |   144 ||   826
       Headbutt          |    15 |    26 |    84 |    45 ||   170
       Battleaxe         |       |       |     6 |       ||     6
Evoke: Wand              |       |       |     7 |       ||     7
  Use: Scroll            |       |     7 |    11 |     2 ||    20
       Potion            |       |       |     1 |     3 ||     4
 Stab: Paralysed         |     2 |       |     3 |       ||     5
       Petrifying        |       |       |     2 |       ||     2
       Confused          |       |       |     3 |     5 ||     8
       Petrified         |       |       |     4 |     7 ||    11
       Sleeping          |       |       |     1 |       ||     1
  Eat: Ration            |       |     2 |     4 |     2 ||     8
Armor: Leather armour    |    24 |     8 |       |       ||    32
       Scale mail        |       |    15 |       |       ||    15
       Chain mail        |       |    63 |   147 |    25 ||   235
Dodge: Dodged            |    50 |    89 |    87 |    27 ||   253
Block: Shield            |       |       |   150 |    58 ||   208
